 Dungeon Crawl Stone Soup version 0.30-a0-778-g2ef04afb54 (webtiles) character file.

Game seed: 2697899928730986600

1213 BigDaddyOpFi the Ruffian (level 8, -5/100 (120) HPs)
             Began as a Troll Berserker on Feb 15, 2023.
             Was an Elder of Trog.
             Slain by a wight
             ... wielding a +2 flail
              (8 damage)
             ... on level 6 of the Dungeon.
             The game lasted 00:08:10 (6105 turns).

BigDaddyOpFi the Ruffian (Troll Berserker)          Turns: 6105, Time: 00:08:10

HP:   -5/100 (120)  AC: 24    Str: 34    XL:     8   Next: 22%
MP:   7/7           EV:  1    Int:  3    God:    Trog [****..]
Gold: 507           SH:  0    Dex:  9    Spells: 7/7 levels left

rFire   . . .      SeeInvis .      - Unarmed
rCold   . . .      Faith    .    (no shield)
rNeg    . . .      Spirit   .    (body armour currently unavailable)
rPois   +          Reflect  .    (helmet currently unavailable)
rElec   .          Harm     .    (cloak currently unavailable)
rCorr   .          Rampage  .    (gloves unavailable)
Will    .....      NoTele   +    (boots unavailable)
Stlth   +                        i - amulet of the acrobat
HPRegen 1.16/turn                t - ring of poison resistance
MPRegen 0.10/turn                v - +6 ring of strength

@: brilliant, tree-form, heavily drained
A: stationary, stasis, torment immunity, boosted hp, large, unfitting armour,
(claws 3), regeneration 1, (shaggy fur 1), (tough skin 1)
a: Renounce Religion, Berserk, Trog's Hand, Brothers in Arms


You were on level 6 of the Dungeon.
You worshipped Trog.
Trog was greatly pleased with you.
You were a tree.
You visited 1 branch of the dungeon, and saw 6 of its levels.
You also visited: Ossuary.

You collected 507 gold pieces.

Inventory:

Missiles
 c - a throwing net
Armour
 a - a +1 animal skin (melded)
Jewellery
 i - an amulet of the acrobat (around neck)
 r - a ring of fire
 t - a ring of poison resistance (left branch)
 v - a +6 ring of strength (right branch)
Scrolls
 b - 3 scrolls of blinking
 d - a scroll of identify
 g - 3 scrolls of amnesia
 h - 2 scrolls of enchant weapon
 l - 2 scrolls of immolation
 u - a scroll of fog
 y - 3 scrolls of teleportation
Potions
 e - a potion of flight {unknown}
 f - 3 potions of curing
 j - a potion of attraction {unknown}
 k - 2 potions of lignification
 m - a potion of heal wounds {unknown}
 n - 2 potions of invisibility {unknown}
 p - 2 potions of brilliance
 q - a potion of degeneration {unknown}
 s - a potion of experience {unknown}
 w - a potion of mutation {unknown}
 x - a potion of magic {unknown}
 z - 2 potions of resistance


   Skills:
 + Level 5.3 Fighting
 + Level 5.3 Dodging
 + Level 6.4 Unarmed Combat


You had 7 spell levels left.
You didn't know any spells.
Your spell library was empty.

Dungeon Overview and Level Annotations

Branches:
Dungeon (6/15)             Temple (0/1) D:4         Ossuary (visited)

Altars:
Cheibriados
Makhleb

Shops:
D:1 *


Innate Abilities, Weirdness & Mutations

You are a tree.
Your roots penetrate the ground, keeping you stationary.
You cannot be teleported.
You are immune to unholy pain and torment.
Your maximum health is greatly increased.
Your equipment is partially melded.
You are too large for most types of armour.
((You have claws for hands.))
Your natural rate of healing is unusually fast.
((You are covered in fur. (AC +1)))
((You have tough skin. (AC +1)))


Message History

You closely miss the wight.
The wight is heavily damaged.
The wight hits you but does no damage. The wight hits you with a +5 battleaxe.
You barely miss the wight.
The wight is heavily damaged.
You scratch the wight.
The wight is heavily damaged.
The wight hits you with a +2 flail!
The wight hits you with a +5 battleaxe!!
You feel drained.
You completely miss the wight.
The wight is heavily damaged.
The wight hits you with a +2 flail!
* * * LOW HITPOINT WARNING * * *
You feel drained.
* * * LOW HITPOINT WARNING * * *
The wight hits you with a +5 battleaxe.
* * * LOW HITPOINT WARNING * * *
It was a potion of lignification.
You turn into a tree.
Your +1 animal skin melds into your body.
Your roots penetrate the ground.
The wight hits you with a +2 flail!
* * * LOW HITPOINT WARNING * * *
You feel drained. The wight hits you but does no damage.
You feel better. The wight hits you with a +2 flail.
* * * LOW HITPOINT WARNING * * *
You feel drained.
* * * LOW HITPOINT WARNING * * *
The wight hits you but does no damage.
You feel better. The wight hits you but does no damage.
The wight hits you with a +5 battleaxe!
* * * LOW HITPOINT WARNING * * *
You feel drained.
* * * LOW HITPOINT WARNING * * *
You feel better. The wight hits you with a +2 flail.
* * * LOW HITPOINT WARNING * * *
The wight hits you but does no damage.
It was a potion of brilliance.
You feel clever all of a sudden. The wight hits you with a +2 flail!
You die...

....###.#
#.......## ....#
#........ ....##
#....... .....#
#...... .....#
#..#.. .....#
#..#.####... ####.#
#......z...#
#.#########.z####.#
##.........#.♣z...#
#.≈≈≈≈≈≈≈.#####..#
#≈..≈≈≈..≈# #
#≈.≈...≈.≈#
#≈.≈._.≈.≈#
#≈.≈...≈.≈#
#≈..≈≈≈..≈#
#.≈≈≈≈≈≈≈.#


You could see 2 wights.

Vanquished Creatures
  A water moccasin (D:5)
  2 ogres (D:5)
  2 wights (D:6)
  2 hounds (D:5)
  2 orc priests
  3 iguanas
  7 orc wizards
  9 mummies
  5 adders
  10 gnolls
  2 white imps (D:5)
  3 ufetubi
  4 worms
  4 dart slugs
  36 orcs
  5 ball pythons
  2 bats
  4 endoplasms
  4 giant cockroaches
  7 goblins
  18 hobgoblins
  3 jackals (D:1)
  9 kobolds
  7 quokkas
  5 frilled lizards (D:1)
  3 hobgoblin zombies (Ossuary)
  A kobold zombie (Ossuary)
  4 orc zombies (Ossuary)
  9 rats
  2 butterflies (D:4)
175 creatures vanquished.

Vanquished Creatures (others)
  A withered plant (D:1)
1 creature vanquished.

Grand Total: 176 creatures vanquished

Notes
Turn   | Place    | Note
-------+----------+-------------------------------------------
     0 | D:1      | BigDaddyOpFi the Troll Berserker began the quest for the
                  | Orb.
     0 | D:1      | Reached XP level 1. HP: 22/22 MP: 0/0
   100 | D:1      | Reached XP level 2. HP: 29/29 MP: 1/1
   142 | D:1      | Found a large runed translucent door.
   142 | D:1      | Found a large runed translucent door.
   225 | D:1      | Reached XP level 3. HP: 27/36 MP: 2/2
   539 | D:1      | Reached ** piety under Trog
   623 | D:1      | Found a faded altar of an unknown god.
   774 | D:1      | Found Qimisado's Assorted Antiques.
   779 | D:1      | Reached XP level 4. HP: 45/45 MP: 3/3
  1240 | D:2      | Reached skill level 4 in Unarmed Combat
  1371 | D:3      | Reached XP level 5. HP: 46/48 MP: 4/4
  1391 | D:3      | Reached *** piety under Trog
  2296 | D:3      | Reached XP level 6. HP: 41/62 MP: 5/5
  3643 | D:4      | Reached skill level 5 in Unarmed Combat
  3829 | D:4      | Found a staircase to the Ecumenical Temple.
  4161 | D:5      | Entered Level 5 of the Dungeon
  4177 | D:5      | Reached XP level 7. HP: 62/70 MP: 6/6
  4214 | D:5      | Reached **** piety under Trog
  4316 | D:5      | Found a snail-covered altar of Cheibriados.
  4756 | D:5      | Found a sand-covered staircase.
  4851 | Ossuary  | Entered an ossuary
  4875 | Ossuary  | Reached skill level 6 in Unarmed Combat
  5151 | Ossuary  | Reached skill level 5 in Fighting
  5151 | Ossuary  | Reached skill level 5 in Dodging
  5313 | D:5      | Reached XP level 8. HP: 74/80 MP: 7/7
  6077 | D:6      | Found a burning altar of Makhleb.
  6103 | D:6      | HP: 1/100 [wight/+5 battleaxe (5)]
  6105 | D:6      | Slain by a wight

Illustrated notes

Levels and vault maps discovered:
D:1:      erik_arrival_cave_to_civilisation [erik_arrival_cave_to_temple],
          layout_basic, ebering_ecumenical_altar_petrified, serial_shops,
          nicolae_shop_waterfront
D:2:      cheibrodos_greedy_goblins, layout_rooms
D:3:      layout_basic
D:4:      layout_basic, minmay_temple_entry_butterflies, feat_on_display
D:5:      layout_layer_cave, slow_altar_2, enter_ossuary_1
D:6:      layout_basic, nicolae_gozag_cash_rules_everything_around_me,
          mainiacjoe_overflow_paths, uniq_edmund

Skill      XL: |  1  2  3  4  5  6  7 |
---------------+----------------------+-----
Dodging        | 3 4 5 |  5.3
Fighting       | 3 4 5 |  5.3
Unarmed Combat | 4 5 6 |  6.4

Action                     |  1- 3 |  4- 6 |  7- 9 || total
---------------------------+-------+-------+-------++-------
  Melee: Unarmed           |    87 |   202 |   121 ||   410
         Punch             |       |     4 |     2 ||     6
 Invoke: Berserk           |     2 |     2 |     2 ||     6
    Use: Scroll            |       |     8 |     2 ||    10
         Potion            |       |     2 |     9 ||    11
   Stab: Sleeping          |     1 |     2 |       ||     3
 Armour: Animal skin       |    23 |    59 |    35 ||   117
         Skin              |       |       |     4 ||     4
  Dodge: Dodged            |    44 |   127 |    86 ||   257

Table legend: (Time is in decaauts)
 A = Elapsed time spent in this place.
 B = Non-inter-level travel time spent in this place.
 C = Inter-level travel time spent in this place.
 D = Time resting spent in this place.
 E = Time spent auto-exploring this place.
 F = Levels seen in this place.
 G = Mean time per level.
                   A        B        C        D        E       F      G
               +--------+--------+--------+--------+--------+-----+--------+
         Total |   6125 |   6005 |    120 |   1652 |   3036 |   7 |  875.0 |
       Dungeon |   5682 |   5562 |    120 |   1403 |   2917 |   6 |  947.0 |
       Ossuary |    443 |    443 |      0 |    249 |    119 |   1 |  443.0 |
               +--------+--------+--------+--------+--------+-----+--------+

Top non-repeatable levels by time:
     D:3: 2151 daAuts
     D:5: 1453 daAuts
     D:1: 922 daAuts
     D:4: 680 daAuts
 Ossuary: 443 daAuts
     D:2: 424 daAuts
     D:6: 50 daAuts
